 Dungeon Crawl Stone Soup version 0.31-a0-845-g9abc20d24f (webtiles) character file.

Game seed: 8856963533495134673

5492 Kurtz the Cleaver (level 10, -3/66 HPs)
             Began as an Octopode Fighter on Oct 1, 2023.
             Was an Initiate of Gozag.
             Slain by a yak (9 damage)
             ... on level 9 of the Dungeon.
             The game lasted 00:12:46 (9798 turns).

Kurtz the Cleaver (Octopode Fighter)                Turns: 9798, Time: 00:12:47

Health: -3/66      AC:  2    Str: 17    XL:     10   Next: 69%
Magic:  19/19      EV: 21    Int: 11    God:    Gozag
Gold:   384        SH:  6    Dex: 20    Spells: 9/9 levels left

rFire   . . .        a - +0 war axe
rCold   + . .        b - +0 buckler
rNeg    . . .        r - +1 hat
rPois   +            t - amulet of the acrobat
rElec   .            i - +6 ring of dexterity
rCorr   .            p - ring of magical power
SInv    .            q - ring of protection from cold
Will    .....        H - ring of Contention {rPois EV+5 Slay+2}
Stlth   ++++         (no ring)
HPRegen 0.31/turn    (no ring)
MPRegen 0.16/turn    (no ring)
                     (no ring)

%: acrobat
@: gold aura, studying Polearms
A: almost no armour, amphibious, 8 rings, camouflage 1, gelatinous body 1,
(nimble swimmer 1), tentacles
a: Renounce Religion, Potion Petition, Call Merchant, Bribe Branch


You were on level 9 of the Dungeon.
You worshipped Gozag.
Gozag was aware of your devotion.
You visited 2 branches of the dungeon, and saw 10 of its levels.
You also visited: Bailey.

You collected 1140 gold pieces.
You spent 716 gold pieces at shops.
You paid 40 gold pieces to Gozag.

Inventory:

Hand Weapons
 a - a +0 war axe (weapon)
 d - a +2 flail of protection
 y - a +3 flail
Missiles
 w - 8 boomerangs
 E - 6 atropa-tipped darts
Armour
 b - a +0 buckler (worn)
 r - a +1 hat (worn)
Jewellery
 i - a +6 ring of dexterity (left tentacle)
 p - a ring of magical power (right tentacle)
 q - a ring of protection from cold (on tentacle)
 t - an amulet of the acrobat (around mantle)
 H - the ring of Contention (on tentacle) {rPois EV+5 Slay+2}
   (You bought it in a shop on level 5 of the Dungeon)

   [ring of evasion]

   EV+5:      It affects your evasion (+5).
   Slay+2:    It affects your accuracy & damage with ranged weapons and melee
   (+2).
   rPois:     It protects you from poison
Wands
 B - a wand of charming (6) (quivered)
Scrolls
 e - 4 scrolls of identify {unknown}
 f - 4 scrolls of poison {unknown}
 g - 2 scrolls of torment {unknown}
 h - 3 scrolls of vulnerability {unknown}
 j - 4 scrolls of teleportation {unknown}
 k - 3 scrolls of enchant armour {unknown}
 n - 2 scrolls of silence {unknown}
 o - a scroll of fog {unknown}
 s - a scroll of blinking {unknown}
 u - a scroll of immolation {unknown}
 v - a scroll of revelation
 D - 2 scrolls of enchant weapon {unknown}
 G - a scroll of amnesia {unknown}
Potions
 c - a potion of brilliance
 l - 4 potions of heal wounds
 m - 4 potions of haste
 x - a potion of berserk rage
 z - 2 potions of lignification
 A - a potion of mutation {unknown}
 C - a potion of resistance
 F - a potion of curing


   Skills:
 * Level 5.1 Fighting
 - Level 13.5(13.7) Axes
 - Level 3.3(9.4) Polearms
 * Level 5.3 Dodging
 + Level 3.2 Stealth
 * Level 4.4 Shields


You had 9 spell levels left.
You didn't know any spells.
Your spell library contained the following spells:

 Spells                   Type           Power      Damage    Failure   Level
 Apportation              Tloc           0%         N/A       41%         1
 Ensorcelled Hibernation  Hex/Ice        0%         N/A       56%         2
 Jinxbite                 Hex            0%         N/A       56%         2
 Call Canine Familiar     Summ           0%         N/A       80%         3
 Dazzling Flash           Conj/Hex       0%         N/A       80%         3
 Inner Flame              Hex/Fire       0%         N/A       80%         3
 Sigil of Binding         Hex            0%         N/A       80%         3
 Volatile Blastmotes      Fire/Tloc      0%         2d10      80%         3
 Anguish                  Hex/Necr       0%         N/A       99%         4
 Dimensional Bullseye     Hex/Tloc       0%         N/A       99%         4
 Leda's Liquefaction      Hex/Erth       0%         N/A       99%         4
 Alistair's Intoxication  Tmut/Pois      0%         N/A       100%        5
 Yara's Violent Unravell  Hex/Tmut       0%         3d3       100%        5
 Starburst                Conj/Fire      0%         6d3       100%        6
 Enfeeble                 Hex            0%         N/A       100%        7
 Maxwell's Capacitive Co  Air            0%         ∞         100%        8


Dungeon Overview and Level Annotations

Branches:
Dungeon (9/15)             Temple (1/1) D:4          Bailey (visited)
   Lair: D:8-11         Orc: D:9-12

Altars:
Ashenzari
Cheibriados
Dithmenos
Elyvilon
Fedhas
Gozag
Hepliaklqana
Kikubaaqudgha
Makhleb
Nemelex Xobeh
Qazlal
Ru
Trog
Uskayaw
Vehumet
Wu Jian
Xom
Yredelemnul
Zin
The Shining One

Shops:
D:4 *   D:5 =   D:7 *

Annotations:
D:4 exclusions: door and 1 more exclusion, Sigmund
Temple 2 transporters


Innate Abilities, Weirdness & Mutations

You cannot wear most types of armour.
You are amphibious.
You can wear up to eight rings at the same time.
Your skin changes colour to match your surroundings (Stealth+).
Your rubbery body absorbs attacks. (AC +1, EV +1)
((You are camouflaged when in or above water. (Stealth+)))
You have tentacles for arms and can constrict up to eight enemies at once.


Message History

The yak is almost dead.
The yak is distracted by your dazzling golden aura.
You catch the helpless yak completely off-guard!
You hit the yak.
The yak is no longer distracted by gold.
The yak is almost dead.
The yak is no longer distracted by gold.
The yak completely misses you.
You hit the yak but do no damage.
The yak is almost dead.
The yak gores you!
You slash the yak!
You kill the yak!
Your Fighting skill increases to level 5!
You slash the yak!
The yak is moderately wounded.
The yak closely misses you.
You hit the yak. You squeeze the yak!
The yak is severely wounded.
You barely miss the yak. Your squeeze misses the yak.
The yak is severely wounded.
The yak barely misses you.
You slash the yak! Your squeeze misses the yak.
The yak is almost dead.
The yak gores you!
* * * LOW HITPOINT WARNING * * *
You hit the yak.
The yak is almost dead.
The yak misses you.
You slash the yak!
You kill the yak!
You slash the yak!
The yak is lightly wounded.
The yak gores you!
* * * LOW HITPOINT WARNING * * *
You hit the yak.
The yak is moderately wounded.
The yak gores you!
You die...
Your body crumbles into a pile of gold.

#...#.....####
#...'........#
#...#<#....#.#
#...#.#....#.#
#...#........#
#...#.....######.#
#####.....# #....#
#.###.# #....# #.# #@#
#.#..# #.# #Y# #....#
#.###Y# #....# #.....#
#....# ###.....###....#
#+#Y.
................#Y...YY
#.........#.....Y..#
...............Y.......
#######################


You could see 2 yaks.

Vanquished Creatures
  A gargoyle (Bailey)
  Grinder (D:3)
  A vampire (Bailey)
  4 yaks (D:9)
  2 steam dragons
  2 water moccasins
  2 orc warriors
  An ice beast (D:5)
  3 black bears
  4 sky beasts
  5 ogres
  A phantom (D:6)
  A gnoll sergeant (D:8)
  3 bullfrogs
  3 scorpions
  5 wights (D:6)
  6 killer bees (D:8)
  6 vampire bats (Bailey)
  7 wolf zombies (Bailey)
  3 howler monkeys (D:7)
  An orc priest (D:6)
  5 hounds
  2 jellies
  6 iguanas
  2 sleepcaps (D:3)
  An orc wizard (D:8)
  7 adders
  14 gnolls
  2 shadow imps (D:6)
  5 white imps
  3 worms
  2 dart slugs (D:1)
  5 orcs
  9 endoplasms
  4 giant cockroaches
  8 goblins
  4 hobgoblins
  6 jackals
  3 quokkas
  13 ball pythons
  3 bats
  5 frilled lizards
  5 kobolds
  21 orc zombies (Bailey)
  8 rats
  A spectral orc (D:4)
206 creatures vanquished.

Notes
Turn   | Place    | Note
-------+----------+-------------------------------------------
     0 | D:1      | Kurtz the Octopode Fighter began the quest for the Orb.
     0 | D:1      | Reached XP level 1. HP: 16/16 MP: 1/1
    86 | D:1      | Reached XP level 2. HP: 18/21 MP: 2/2
   341 | D:1      | Reached skill level 3 in Axes
   344 | D:1      | Reached XP level 3. HP: 15/26 MP: 3/3
   897 | D:2      | Reached skill level 4 in Axes
   949 | D:2      | Found a white marble altar of Elyvilon.
  1176 | D:2      | Reached XP level 4. HP: 31/31 MP: 4/4
  1188 | D:2      | Reached skill level 1 in Polearms
  1563 | D:2      | Reached XP level 5. HP: 36/36 MP: 5/5
  1860 | D:3      | Reached skill level 5 in Axes
  2840 | D:3      | Noticed Grinder
  2844 | D:3      | Paralysed by Grinder for 4 turns
  2852 | D:3      | Paralysed by Grinder for 3 turns
  2857 | D:3      | Killed Grinder
  2858 | D:3      | Reached skill level 6 in Axes
  2858 | D:3      | Reached XP level 6. HP: 14/42 MP: 6/6
  3128 | D:4      | Reached skill level 7 in Axes
  3128 | D:4      | Reached XP level 7. HP: 41/46 MP: 7/7
  3133 | D:4      | Found a staircase to the Ecumenical Temple.
  3152 | Temple   | Found a transporter.
  3152 | Temple   | Found a transporter.
  3152 | Temple   | Found a transporter.
  3152 | Temple   | Found a transporter.
  3152 | Temple   | Entered the Ecumenical Temple
  3168 | Temple   | Became a worshipper of Gozag Ym Sagoz the Greedy
  3474 | D:4      | Found a hazy altar of Hepliaklqana.
  3529 | D:4      | HP: 1/46 [ogre/+0 giant club (29)]
  3728 | D:4      | Found a basalt altar of Yredelemnul.
  3729 | D:4      | Found an ornate altar of the Wu Jian Council.
  3784 | D:4      | Found Rouliere's Retail Resort.
  3790 | D:4      | Bought a scroll of revelation for 105 gold pieces
  3847 | D:4      | Noticed Sigmund
  4052 | D:5      | Entered Level 5 of the Dungeon
  4356 | D:5      | Reached skill level 8 in Axes
  4664 | D:5      | Reached XP level 8. HP: 51/52 MP: 8/8
  4747 | D:5      | Found Ukum's Jewellery Boutique.
  4902 | D:5      | Reached skill level 9 in Axes
  5374 | D:6      | Reached skill level 10 in Axes
  5762 | D:5      | Reached skill level 11 in Axes
  5762 | D:5      | Reached XP level 9. HP: 32/56 MP: 9/9
  6633 | D:7      | Reached skill level 12 in Axes
  7049 | D:7      | Reached skill level 13 in Axes
  7079 | D:7      | Found Qohoas's Hallowed Reliquary.
  7263 | D:7      | Noticed an angel
  7590 | D:8      | Found a flagged portal.
  7599 | Bailey   | Entered a bailey
  7781 | Bailey   | Reached XP level 10. HP: 39/63 MP: 10/10
  8178 | Bailey   | Reached skill level 1 in Stealth
  8340 | Bailey   | Noticed a gargoyle
  8357 | Bailey   | Killed a gargoyle
  8463 | Bailey   | Identified the +4 pair of boots of Puhozef {+Inv rF- Str+3}
  8483 | Bailey   | Identified the +0 helmet of Ruamas {Str+3}
  9631 | D:5      | Bought the ring of Contention {rPois EV+5 Slay+2} for 611
                  | gold pieces
  9781 | D:9      | Reached skill level 5 in Dodging
  9791 | D:9      | Reached skill level 5 in Fighting
  9798 | D:9      | Slain by a yak

Illustrated notes

Levels and vault maps discovered:
D:1:      dpeg_arrival_water_fire, layout_rooms, chequers_decorated_corner
D:2:      layout_loops_corners, basic_altar
D:3:      layout_basic, hellmonk_no_cap, uniq_grinder
D:4:      layout_cave_pools, nicolae_hepliaklqana_monster_ancestors,
          gammafunk_temple_overflow_pools, minmay_temple_entry_trees,
          nicolae_alphabet_shops, sigmund_army
D:5:      layout_basic, minmay_shop_enchanted_jewellery
D:6:      layout_cave_pools
D:7:      layout_rooms, nicolae_good_shop
D:8:      layout_loops_ring, enter_bailey_2, kennysheep_potato
D:9:      layout_stronghold, okawaru_humans, serial_shops,
          nicolae_shop_back_alley_shop
Temple:   hellmonk_temple_divided_pantheon

Skill      XL: |  1  2  3  4  5  6  7  8  9 10 |
---------------+-------------------------------+-----
Axes           | 3 4 6 7 8 11 13 | 13.5
Polearms       | 1 2 3 |  3.3
Stealth        | 3 |  3.2
Fighting       | 5 |  5.1
Dodging        | 5 |  5.3
Shields        | 4 |  4.4

Action                     |  1- 3 |  4- 6 |  7- 9 | 10-12 || total
---------------------------+-------+-------+-------+-------++-------
  Melee: War axe           |    62 |    73 |   114 |    15 ||   264
         Constrict         |    14 |    17 |    53 |    32 ||   116
         Tentacles         |    11 |    16 |    68 |    47 ||   142
         Punch             |       |     1 |     5 |     6 ||    12
         Flail             |       |       |   122 |   141 ||   263
  Throw: Boomerang         |       |       |    51 |     4 ||    55
  Evoke: Wand              |       |       |     6 |     3 ||     9
    Use: Potion            |       |     1 |     9 |     4 ||    14
   Stab: Sleeping          |     7 |     8 |     8 |     1 ||    24
         Distracted        |       |       |     1 |     2 ||     3
 Armour: Skin              |    28 |    32 |   118 |    74 ||   252
  Dodge: Dodged            |    42 |    30 |   111 |    97 ||   280
  Block: Buckler           |    10 |    13 |    42 |    31 ||    96

Table legend: (Time is in decaauts)
 A = Elapsed time spent in this place.
 B = Non-inter-level travel time spent in this place.
 C = Inter-level travel time spent in this place.
 D = Time resting spent in this place.
 E = Time spent auto-exploring this place.
 F = Levels seen in this place.
 G = Mean time per level.
                   A        B        C        D        E       F      G
               +--------+--------+--------+--------+--------+-----+--------+
         Total |   9864 |   9038 |    826 |   2505 |   4537 |  11 |  896.7 |
       Dungeon |   8903 |   8092 |    811 |   2230 |   4246 |   9 |  989.2 |
        Temple |     32 |     17 |     15 |      0 |      0 |   1 |   32.0 |
        Bailey |    927 |    927 |      0 |    274 |    291 |   1 |  927.0 |
               +--------+--------+--------+--------+--------+-----+--------+

Top non-repeatable levels by time:
     D:6: 1419 daAuts
     D:3: 1343 daAuts
     D:2: 1148 daAuts
     D:5: 1076 daAuts
     D:1: 984 daAuts
     D:4: 970 daAuts
     D:8: 942 daAuts
     D:7: 939 daAuts
  Bailey: 927 daAuts
     D:9: 77 daAuts
  Temple: 32 daAuts
